 Dungeon Crawl Stone Soup version 0.30-a0-331-g8ab09dc110 (webtiles) character file.

Game seed: 3967668554615237408

31 hikkokomori the Caller (level 2, 0/20 HPs)
             Began as a Demigod Summoner on Oct 30, 2022.
             Succumbed to a goblin's poison
             ... on level 1 of the Dungeon.
             The game lasted 00:03:00 (700 turns).

hikkokomori the Caller (Demigod Summoner)            Turns: 700, Time: 00:03:01

Health: 0/20       AC:  2    Str:  9    XL:     2   Next: 90%
Magic:  5/7        EV: 12    Int: 17    God:
Gold:   34         SH:  0    Dex: 14    Spells: 2/5 levels left

rFire   . . .      SeeInvis .    e - +0 dagger
rCold   . . .      Faith    .    (no shield)
rNeg    . . .      Spirit   .    a - +0 robe
rPois   .          Reflect  .    (no helmet)
rElec   .          Harm     .    (no cloak)
rCorr   .          Rampage  .    (no gloves)
Will    .....                    (no boots)
Stlth   ++........               (no amulet)
HPRegen 0.23/turn                (no ring)
MPRegen 0.10/turn                (no ring)

@: lethally poisoned (0 -> -3)
A: high MP 1, forlorn, divine attributes
a: no special abilities


You were on level 1 of the Dungeon.
You visited 1 branch of the dungeon, and saw 1 of its levels.

You collected 34 gold pieces.

Inventory:

Hand Weapons
 e - a +0 dagger (weapon)
Armour
 a - a +0 robe (worn)
Scrolls
 c - a scroll of enchant armour {unknown}
 d - 3 scrolls of identify
 f - a scroll of enchant weapon
Potions
 b - a potion of magic


   Skills:
 - Level 1.7 Dodging
 - Level 1.7 Stealth
 + Level 2.2 Spellcasting
 * Level 4.3 Summonings


You had 2 spell levels left.
You knew the following spells:

 Your Spells              Type           Power      Damage    Failure   Level
a - Summon Small Mammal   Summ           64%        N/A       3%          1
b - Call Imp              Summ           16%        N/A       4%          2

Your spell library contained the following spells:

 Spells                   Type           Power      Damage    Failure   Level
 Blink                    Tloc           2%         N/A       28%         2
 Call Canine Familiar     Summ           16%        N/A       10%         3
 Summon Guardian Golem    Hex/Summ       9%         N/A       24%         3
 Summon Lightning Spire   Summ/Air       9%         N/A       61%         4
 Manifold Assault         Tloc           1%         N/A       88%         4
 Storm Form               Tmut/Air       0%         N/A       100%        7


Dungeon Overview and Level Annotations

Branches:
Dungeon (1/15)


Innate Abilities, Weirdness & Mutations

You have an increased reservoir of magic. (+10% MP)
You shall have no god before yourself.
Your divine heritage dramatically boosts your attributes as you level up.


Message History

Found a leather armour.
You see here a +0 leather armour.
You open the door.
There is an open door here.
Found a stone staircase leading down.
A goblin comes into view. It is wielding a +0 dagger of venom.
A goblin is nearby!
The goblin hits you with a +0 dagger of venom.
You are poisoned.
You barely miss the goblin.
You feel very sick. The goblin barely misses you.
You barely miss the goblin.
You feel sick. The goblin barely misses you.
You feel sick.
The goblin hits you with a +0 dagger of venom.
You are lethally poisoned!
You swap places.
* * * LOW HITPOINT WARNING * * *
You feel very sick.
The goblin hits your quokka with a +0 dagger of venom.
Your quokka is poisoned.
Your quokka misses the goblin.
You are too injured to fight recklessly!
Unknown command.
Casting: Summon Small Mammal (safe; 3% risk of failure)
Confirm with . or Enter, or press ? or * to list all spells.
* * * LOW HITPOINT WARNING * * *
You feel sick. The goblin barely misses your quokka.
Your quokka bites the goblin.
The goblin dies!
* * * LOW HITPOINT WARNING * * *
You feel sick.
Okay, then.
As you read the scroll labelled NIMIMP LUBOGH, it crumbles to dust.
It is a scroll of identify.
f - a scroll of enchant weapon
* * * LOW HITPOINT WARNING * * *
You feel sick.
Unknown command.
You die...

...######.# #.# .. ..#.#
#.# .# #.#.####.# .#
#.#.#....#
>######...#.####
#########..........#.#
......)..#########.#.####
########r#.........#....#
#@#.###....##..†.# #b..#
#....'...†.# #####
#....##....# ###'#######.
#.###.# #. #.....# #.
#####[###. #..... ######


You could see a friendly quokka (summoned, very poisoned) and a friendly bat
(summoned).

Vanquished Creatures
  A bat (D:1)
  2 jackals (D:1)
  2 frilled lizards (D:1)
  4 rats (D:1)
9 creatures vanquished.

Vanquished Creatures (collateral kills)
  A dart slug (D:1)
  A ball python (D:1)
  An endoplasm (D:1)
  A giant cockroach (D:1)
  3 goblins (D:1)
  A hobgoblin (D:1)
  6 jackals (D:1)
  A bat (D:1)
  2 rats (D:1)
17 creatures vanquished.

Grand Total: 26 creatures vanquished

Notes
Turn   | Place    | Note
-------+----------+-------------------------------------------
     0 | D:1      | hikkokomori the Demigod Summoner began the quest for the
                  | Orb.
     0 | D:1      | Reached XP level 1. HP: 14/14 MP: 5/5
   133 | D:1      | Reached skill level 4 in Summonings
   133 | D:1      | Reached XP level 2. HP: 10/20 MP: 2/7
   499 | D:1      | Learned a level 2 spell: Call Imp
   699 | D:1      | HP: 1/20 [poisoned by a goblin]
   700 | D:1      | Succumbed to a goblin's poison

Illustrated notes

Levels and vault maps discovered:
D:1:      minmay_arrival_jagged, layout_basic, serial_park_tiny_pond

Skill      XL: |  1 |
---------------+----+-----
Spellcasting   | 2 |  2.2
Summonings     | 4 |  4.3
Dodging        | |  1.7
Stealth        | |  1.7

Action                   || total
-------------------------++-------
Melee: Unarmed           ||    39
       Dagger            ||    36
 Cast: Summon Small Mamm ||    28
  Use: Scroll            ||     1
 Stab: Sleeping          ||     2
Armor: Robe              ||    17
Dodge: Dodged            ||    61

Table legend: (Time is in decaauts)
 A = Elapsed time spent in this place.
 B = Non-inter-level travel time spent in this place.
 C = Inter-level travel time spent in this place.
 D = Time resting spent in this place.
 E = Time spent auto-exploring this place.
 F = Levels seen in this place.
 G = Mean time per level.
                   A        B        C        D        E       F      G
               +--------+--------+--------+--------+--------+-----+--------+
         Total |    699 |    699 |      0 |     72 |    373 |   1 |  699.0 |
       Dungeon |    699 |    699 |      0 |     72 |    373 |   1 |  699.0 |
               +--------+--------+--------+--------+--------+-----+--------+

Top non-repeatable levels by time:
     D:1: 699 daAuts
